 Dungeon Crawl Stone Soup version 0.28-a0-1624-g820543e53a (webtiles) character file.

Game seed: 162530790674638813

2688 browni3141 the Basher (level 9, 0/74 HPs)
             Began as a Gnoll Chaos Knight on Jan 23, 2022.
             Was a Plaything of Xom.
             Slain by an unseen horror (7 damage)
             ... on level 7 of the Dungeon.
             The game lasted 00:20:41 (7277 turns).

browni3141 the Basher (Gnoll Chaos Knight)          Turns: 7277, Time: 00:20:42

Health: 0/74       AC:  7    Str: 13    XL:     9   Next: 64%
Magic:  15/15      EV: 13    Int: 20    God:    Xom [...*..]
Gold:   126        SH:  0    Dex: 14    Spells: 16/16 levels left

rFire   + . .      SeeInvis .   G - +9 arbalest of Xom's Full Attention {elec, *Corrode rPois Int+8}
rCold   . . .      Faith    .   (shield currently unavailable)
rNeg    . . .      Spirit   .   y - +1 leather armour {rF+}
rPois   +          Reflect  .   (helmet restricted)
rElec   .          Harm     .   (no cloak)
rCorr   .          Rampage  .   o - +0 pair of gloves
Will    .....                   r - +0 pair of boots
Stlth   ++........              (no amulet)
HPRegen 0.22/turn               (no ring)
MPRegen 0.14/turn               (no ring)

@: marked
A: fangs 1, strong nose, distributed training, horns 1, wild magic 1
a: Renounce Religion


You were on level 7 of the Dungeon.
You worshipped Xom.
You were a favourite toy of Xom.
You visited 1 branch of the dungeon, and saw 7 of its levels.

You collected 269 gold pieces.
You spent 143 gold pieces at shops.

Inventory:

Hand Weapons
 a - a +0 mace of chaos
 b - a +1 shortbow of freezing
 E - a +0 morningstar
 G - the +9 arbalest of Xom's Full Attention (weapon) {elec, *Corrode rPois Int+8}
   (Xom gifted it to you on level 5 of the Dungeon)

   Any ammunition fired from it occasionally discharges a powerful burst of
   electricity upon striking a foe.
   Int:       It affects your intelligence (+8).
   rPois:     It protects you from poison.
   *Corrode:  It may corrode you when you take damage.
Missiles
 d - a boomerang
 e - 93 arrows
 g - 14 bolts (quivered ammo)
 l - 6 curare-tipped darts
 x - 12 poisoned darts
 I - 5 datura-tipped darts
Armour
 f - a +0 scale mail
 j - a +2 leather armour
 n - a +0 kite shield
 o - a +0 pair of gloves (worn)
 r - a +0 pair of boots (worn)
 y - a +1 leather armour of fire resistance (worn)
Jewellery
 q - an amulet of faith
Wands
 m - a wand of flame (9)
 s - a wand of charming (11)
 H - a wand of polymorph (10)
Scrolls
 c - 5 scrolls of blinking
 k - 4 scrolls of noise
 t - 2 scrolls of silence
 v - 2 scrolls of teleportation
 J - a scroll of fear {unknown}
 K - a scroll of identify
 M - a scroll of vulnerability {unknown}
Potions
 h - 5 potions of ambrosia
 i - 3 potions of heal wounds
 p - 2 potions of mutation
 u - 2 potions of cancellation
 w - a potion of magic {unknown}
 z - 2 potions of brilliance {unknown}
 A - a potion of attraction {unknown}
 B - 2 potions of might
 C - 3 potions of curing {unknown}
 D - a potion of resistance {unknown}
 F - 4 potions of flight {unknown}
 L - a potion of berserk rage {unknown}
 N - a potion of lignification {unknown}


   Skills:
 + Level 8.0 Fighting
 + Level 4.4 Short Blades
 + Level 4.4 Long Blades
 + Level 4.4 Axes
 + Level 8.0 Maces & Flails
 + Level 4.4 Polearms
 + Level 4.4 Staves
 + Level 4.4 Slings
 + Level 4.4 Bows
 + Level 4.4 Crossbows
 + Level 4.4 Throwing
 + Level 6.4 Armour
 + Level 5.2 Dodging
 + Level 4.4 Stealth
 + Level 4.4 Shields
 + Level 4.4 Unarmed Combat
 + Level 4.4 Spellcasting
 + Level 3.6 Conjurations
 + Level 3.6 Hexes
 + Level 3.6 Summonings
 + Level 3.6 Necromancy
 + Level 3.6 Translocations
 + Level 3.6 Transmutations
 + Level 3.6 Fire Magic
 + Level 3.6 Ice Magic
 + Level 3.6 Air Magic
 + Level 3.6 Earth Magic
 + Level 3.6 Poison Magic
 + Level 4.9 Invocations
 + Level 4.4 Evocations


You had 16 spell levels left.
You didn't know any spells.
Your spell library contained the following spells:

 Spells                   Type           Power      Damage    Failure   Level
 Sandblast                Erth           48%        2d12      5%          1
 Passwall                 Tmut/Erth      20%        N/A       8%          2
 Gell's Gravitas          Tloc           24%        N/A       14%         3
 Lesser Beckoning         Tloc           24%        N/A       14%         3
 Stone Arrow              Conj/Erth      48%        3d10      14%         3
 Teleport Other           Tloc           24%        N/A       14%         3
 Animate Armour           Summ/Erth      48%        N/A       41%         4
 Lehudib's Crystal Spear  Conj/Erth      12%        10d4      100%        8


Dungeon Overview and Level Annotations

Branches:
Dungeon (7/15)             Temple (0/1) D:5

Altars:
Ru
Xom

Shops:
D:4 ((!(?

Annotations:
D:7 Maggie
Abyss:1 Damadmattster's ghost, amateur HuBe


Innate Abilities, Weirdness & Mutations

You have very sharp teeth.
Your uncanny sense of smell can sniff out nearby items.
Your experience applies equally to all skills.
You have a pair of small horns on your head.
Your spells are a little harder to cast, but a little more powerful.


Message History

A necrophage comes into view.
There is a stone staircase leading up here.
You are too injured to fight recklessly!
Fire: 18 bolts
Press: ? - help, Q - select action, (/) - cycle Shift-Dir - straight line, f - necrophage
Aim: a necrophage (73% to hit)
You shoot a bolt. The bolt hits the necrophage!!
The necrophage is severely damaged.
Unknown command.
Fire: 17 bolts
Press: ? - help, Q - select action, (/) - cycle Shift-Dir - straight line, f/p - necrophage
Aim: a necrophage (severely damaged, 73% to hit)
You shoot a bolt. The bolt barely misses the necrophage.
Something hits you but does no damage.
Deactivating autopickup; reactivate with Ctrl-A.
Something completely misses you.
Unknown command.
Fire: 16 bolts
Press: ? - help, Q - select action, (/) - cycle Shift-Dir - straight line, f/p - necrophage
Aim: a necrophage (severely damaged, 73% to hit)
You shoot a bolt. The bolt barely misses the necrophage.
Something barely misses you. Something hits you but does no damage.
Something hits you. Something hits you but does no damage. Something hits you.
Something hits you but does no damage.
Fire: 15 bolts
Press: ? - help, Q - select action, (/) - cycle Shift-Dir - straight line, f/p - necrophage
Aim: a necrophage (severely damaged, 73% to hit)
You shoot a bolt. The bolt closely misses the necrophage.
Something hits you but does no damage. x2; Something hits you.
* * * LOW HITPOINT WARNING * * *
The howler monkey hits you.
* * * LOW HITPOINT WARNING * * *
Something hits you!
* * * LOW HITPOINT WARNING * * *
The howler monkey hoots and howls with incredible vigour!
The howler monkey misses you. Something hits you but does no damage.
You hear a shout! x4
Something hits you!
You die...
Xom bursts into laughter!

♣ . . #..≈PP..##
#####. ..#.# .... .#
###..... ##....
#.#######...####
#.P...###(........###
∆ #≈≈≈......(########
#≈.≈##..h).Z(...#
####.
.≈≈≈.#.#.###..#.#####
..... .
♣≈♣..{#h####........
.### .. ∆ #..O.@n.#
##.(@.### ..##.#.
######...# ###.#
.....)( #.#..# ..
..)?.# ∆ #.##..(( ##
≈♣♣P≈♣ ∆ #.. #### ♣♣
### ( ≈ # ≈≈ ♣P#. ..
≈≈S ≈♣≈ #.


You could see an ogre, a necrophage and 2 howler monkeys.

Vanquished Creatures
  Grinder (D:6)
  An orc warrior (D:5)
  An ice beast (D:7)
  5 ogres
  A phantom (D:5)
  A kobold brigand (D:5)
  A bullfrog (D:6)
  A scorpion (D:6)
  4 electric eels (D:7)
  A bullfrog zombie (D:6)
  A jelly (D:5)
  3 orc priests
  4 hounds
  A gnoll shaman (D:6)
  2 bullfrog skeletons (D:5)
  An orc wizard (D:5)
  A scorpion zombie (D:3)
  4 adders
  11 gnolls
  A white imp (D:5)
  An ufetubus (D:4)
  A worm (D:5)
  2 dart slugs
  16 orcs
  14 bats
  7 endoplasms
  3 giant cockroaches
  4 goblins
  10 hobgoblins
  6 quokkas
  7 ball pythons
  6 frilled lizards
  11 kobolds
  4 rats
138 creatures vanquished.

Vanquished Creatures (collateral kills)
  Harold (D:7)
  A wyvern skeleton (D:7)
  A hound skeleton (D:5)
  An ufetubus (D:7)
  An orc (D:7)
  A frilled lizard (D:1)
6 creatures vanquished.

Vanquished Creatures (others)
  A hornet zombie (D:7)
  An orc (D:4)
  20 plants
22 creatures vanquished.

Grand Total: 166 creatures vanquished

Notes
Turn   | Place    | Note
-------+----------+-------------------------------------------
     0 | D:1      | browni3141 the Gnoll Chaos Knight began the quest for the
                  | Orb.
     0 | D:1      | Reached XP level 1. HP: 23/23 MP: 1/1
   117 | D:1      | Reached XP level 2. HP: 28/29 MP: 2/2
   469 | D:1      | Reached XP level 3. HP: 35/35 MP: 3/3
   502 | D:1      | Found a faded altar of an unknown god.
   569 | D:1      | XOM: silly message
   771 | D:1      | XOM: silly message
   860 | D:1      | XOM: silly message
   909 | D:2      | Reached skill level 1 in Invocations
   922 | D:1      | Reached skill level 1 in Short Blades
   922 | D:1      | Reached skill level 1 in Long Blades
   922 | D:1      | Reached skill level 1 in Axes
   922 | D:1      | Reached skill level 1 in Polearms
   922 | D:1      | Reached skill level 1 in Staves
   922 | D:1      | Reached skill level 1 in Slings
   922 | D:1      | Reached skill level 1 in Bows
   922 | D:1      | Reached skill level 1 in Crossbows
   922 | D:1      | Reached skill level 1 in Throwing
   922 | D:1      | Reached skill level 1 in Stealth
   922 | D:1      | Reached skill level 1 in Shields
   922 | D:1      | Reached skill level 1 in Unarmed Combat
   922 | D:1      | Reached skill level 1 in Spellcasting
   922 | D:1      | Reached skill level 1 in Evocations
   930 | D:2      | Reached XP level 4. HP: 16/41 MP: 5/5
   930 | D:2      | XOM: cast spell 'Olgreb's Toxic Radiance'
   980 | D:2      | XOM: scenery: create altars
   995 | D:2      | Reached skill level 1 in Conjurations
   995 | D:2      | Reached skill level 1 in Hexes
   995 | D:2      | Reached skill level 1 in Summonings
   995 | D:2      | Reached skill level 1 in Necromancy
   995 | D:2      | Reached skill level 1 in Translocations
   995 | D:2      | Reached skill level 1 in Transmutations
   995 | D:2      | Reached skill level 1 in Fire Magic
   995 | D:2      | Reached skill level 1 in Ice Magic
   995 | D:2      | Reached skill level 1 in Air Magic
   995 | D:2      | Reached skill level 1 in Earth Magic
   995 | D:2      | Reached skill level 1 in Poison Magic
  1283 | D:2      | Found a sacrificial altar of Ru.
  1317 | D:2      | Reached XP level 5. HP: 47/47 MP: 6/6
  1979 | D:3      | XOM: 2-stop teleportation journey
  1997 | D:3      | Noticed Damadmattster's ghost (amateur HuBe)
  2000 | D:3      | Found a runed translucent door.
  2011 | D:3      | XOM: cast spell 'Leda's Liquefaction'
  2123 | D:3      | XOM: cloud trail
  2350 | D:3      | XOM: divination: magic mapping
  2960 | D:3      | Reached XP level 6. HP: 47/53 MP: 8/8
  3034 | D:3      | XOM: silly message
  3059 | D:3      | XOM: potion effect (curing)
  3069 | D:3      | XOM: smoke on damage
  3118 | D:3      | XOM: potion effect (curing)
  3406 | D:3      | Banished Damadmattster's ghost
  3407 | D:3      | Reached skill level 5 in Armour
  3524 | D:4      | Found Tazuexieff's Weapon Shop.
  3660 | D:4      | Found Lenwom's Antique Weapon Shop.
  3684 | D:4      | Found Lauho's Distillery.
  3694 | D:4      | Bought a potion of heal wounds for 65 gold pieces
  3694 | D:4      | Bought a potion of might for 52 gold pieces
  3694 | D:4      | Found Xuseun's Antique Weapon Shop.
  4024 | D:4      | XOM: silly message
  4089 | D:4      | XOM: cloud trail
  4528 | D:4      | Found Qatoman's Magic Scroll Boutique.
  4599 | D:4      | Bought a scroll of identify for 26 gold pieces
  4802 | D:5      | Entered Level 5 of the Dungeon
  4817 | D:5      | Reached XP level 7. HP: 24/59 MP: 10/10
  5098 | D:5      | XOM: cast spell 'Summon Ice Beast'
  5296 | D:5      | Found a staircase to the Ecumenical Temple.
  5319 | D:5      | XOM: divination: detect items
  5646 | D:5      | XOM: cleaving
  5655 | D:5      | Reached XP level 8. HP: 61/67 MP: 12/12
  5674 | D:5      | Identified the +9 arbalest of Xom's Full Attention {elec,
                  | *Corrode rPois Int+8} (Xom gifted it to you on level 5 of
                  | the Dungeon)
  5674 | D:5      | XOM: god gift: +9 arbalest of Xom's Full Attention {elec,
                  | *Corrode rPois Int+8}
  5716 | D:5      | XOM: confuse monster(s)
  5951 | D:6      | XOM: god gift: leather armour {god gift}
  6112 | D:6      | XOM: scenery: create altars
  6250 | D:6      | Noticed Grinder
  6251 | D:6      | XOM: summons friendly iron imp
  6255 | D:6      | XOM: give mutation
  6255 | D:6      | Gained mutation: You have a pair of small horns on your
                  | head. [Xom's grace]
  6267 | D:6      | Killed Grinder
  6428 | D:6      | XOM: god gift: potion of ambrosia
  6460 | D:6      | Reached XP level 9. HP: 72/72 MP: 14/14
  6491 | D:6      | XOM: give mutation
  6491 | D:6      | Gained mutation: Your spells are a little harder to cast,
                  | but a little more powerful. [Xom's mischief]
  6548 | D:6      | XOM: stat loss: -1 Str (12/13)
  6826 | D:7      | XOM: fog
  6897 | D:7      | XOM: smoke on damage
  7203 | D:7      | XOM: 5-stop teleportation journey
  7253 | D:7      | Noticed Harold
  7263 | D:7      | Killed Harold
  7264 | D:7      | Reached skill level 5 in Dodging
  7266 | D:7      | Noticed Maggie
  7277 | D:7      | Slain by an unseen horror

Illustrated notes

Levels and vault maps discovered:
D:1:      nagdon_arrival_double_spiral, layout_loops_ring,
          ebering_ecumenical_altar_sacrificial, ebering_dispersal_statue_hall
D:2:      minmay_skewed_foursquare, layout_loops_ring, basic_altar,
          nicolae_grassy_gnolls
D:3:      layout_rooms, hellmonk_ghost_happy_afterlife, wad_floor_pattern_1
D:4:      layout_loops_corners, serial_shops, nicolae_shop_crystal, shop,
          nicolae_inconvenience_store, nicolae_shop_competitors_out_of_business,
          shop, hangedman_abyss_or_decor_passed
D:5:      layout_gridville, minmay_temple_entry_proselytizer, hex_large
D:6:      layout_loops_ring, moated_statue, roderic_lattice_a, uniq_grinder
D:7:      layout_rooms, serial_bayou, serial_bayou_ford_a, serial_bayou_lake_a,
          serial_bayou_lagoon_a, serial_bayou_crossing, serial_bayou_pond_e,
          serial_bayou_pond_c, wad_mini_maze, uniq_harold, uniq_maggie,
          uniq_crazy_yiuf_cottage

Skill      XL: |  1  2  3  4  5  6  7  8  9 |
---------------+----------------------------+-----
Invocations    | 1 2 3 4 |  4.9
Short Blades   | 1 2 3 4 |  4.4
Long Blades    | 1 2 3 4 |  4.4
Axes           | 1 2 3 4 |  4.4
Polearms       | 1 2 3 4 |  4.4
Staves         | 1 2 3 4 |  4.4
Slings         | 1 2 3 4 |  4.4
Bows           | 1 2 3 4 |  4.4
Crossbows      | 1 2 3 4 |  4.4
Throwing       | 1 2 3 4 |  4.4
Stealth        | 1 2 3 4 |  4.4
Shields        | 1 2 3 4 |  4.4
Unarmed Combat | 1 2 3 4 |  4.4
Spellcasting   | 1 2 3 4 |  4.4
Evocations     | 1 2 3 4 |  4.4
Conjurations   | 1 2 3 |  3.6
Hexes          | 1 2 3 |  3.6
Summonings     | 1 2 3 |  3.6
Necromancy     | 1 2 3 |  3.6
Translocations | 1 2 3 |  3.6
Transmutations | 1 2 3 |  3.6
Fire Magic     | 1 2 3 |  3.6
Ice Magic      | 1 2 3 |  3.6
Air Magic      | 1 2 3 |  3.6
Earth Magic    | 1 2 3 |  3.6
Poison Magic   | 1 2 3 |  3.6
Dodging        | 3 4 5 |  5.2
Armour         | 5 6 |  6.4
Fighting       | 7 8 |  8.0
Maces & Flails | 7 8 |  8.0

Action                   |  1- 3 |  4- 6 |  7- 9 || total
-------------------------+-------+-------+-------++-------
Melee: Mace              |    46 |   192 |    48 ||   286
       Bite              |     4 |    21 |    10 ||    35
       Punch             |     3 |     1 |       ||     4
 Fire: Shortbow          |    14 |     5 |       ||    19
       Arbalest          |       |       |    59 ||    59
Throw: Boomerang         |    25 |    24 |       ||    49
       Dart              |       |       |     6 ||     6
Evoke: Wand              |       |     1 |     3 ||     4
  Use: Scroll            |       |     6 |     4 ||    10
 Stab: Paralysed         |       |     4 |       ||     4
       Confused          |       |     2 |       ||     2
       Sleeping          |       |     3 |       ||     3
       Distracted        |       |     1 |       ||     1
Armor: Leather armour    |    22 |    75 |    30 ||   127
Dodge: Dodged            |    30 |    67 |    39 ||   136
Block: Kite shield       |       |    65 |    19 ||    84

Table legend: (Time is in decaauts)
 A = Elapsed time spent in this place.
 B = Non-inter-level travel time spent in this place.
 C = Inter-level travel time spent in this place.
 D = Time resting spent in this place.
 E = Time spent auto-exploring this place.
 F = Levels seen in this place.
 G = Mean time per level.
                   A        B        C        D        E       F      G
               +--------+--------+--------+--------+--------+-----+--------+
         Total |   7412 |   7145 |    267 |    698 |   4960 |   7 | 1058.9 |
       Dungeon |   7412 |   7145 |    267 |    698 |   4960 |   7 | 1058.9 |
               +--------+--------+--------+--------+--------+-----+--------+

Top non-repeatable levels by time:
     D:4: 1374 daAuts
     D:3: 1354 daAuts
     D:6: 1174 daAuts
     D:1: 1094 daAuts
     D:5: 1091 daAuts
     D:2: 1047 daAuts
     D:7: 276 daAuts
